 Dungeon Crawl Stone Soup version 0.30-a0-122-g2a1322497e (webtiles) character file.

Game seed: 12127880529265914037

567 Mgcat the Chopper (level 7, -4/60 HPs)
             Began as a Meteoran Fighter on Sept 15, 2022.
             Slain by a troll (5 damage)
             ... on level 6 of the Dungeon.
             The game lasted 00:06:29 (1674 turns).

Mgcat the Chopper (Meteoran Fighter)                Turns: 1674, Time: 00:06:30

Health: -4/60      AC: 15    Str: 20    XL:     7   Next: 91%
Magic:  8/8        EV:  5    Int:  9    God:
Gold:   86         SH:  5    Dex: 14    Spells: 6/6 levels left

rFire   . . .      SeeInvis +    a - +0 war axe
rCold   . . .      Faith    .    c - +0 buckler
rNeg    . . .      Spirit   .    e - +0 plate armour
rPois   .          Reflect  .    (no helmet)
rElec   .          Harm     .    h - +1 cloak
rCorr   .          Rampage  .    n - +0 pair of gloves
Will    .....                    (no boots)
Stlth   ..........               (no amulet)
HPRegen 0.20/turn                b - ring of see invisible {sInv, !d}
MPRegen 0.11/turn                (no ring)

@: slowed, glowing, very slow
A: sense surroundings 1, otherworldly, glowing, explore regen
a: no special abilities


You were on level 6 of the Dungeon.
You visited 1 branch of the dungeon, and saw 5 of its levels.

You collected 86 gold pieces.

Inventory:

Hand Weapons
 a - a +0 war axe (weapon)
Armour
 c - a +0 buckler (worn)
 e - a +0 plate armour (worn)
   (You found it on level 1 of the Dungeon)
 h - a +1 cloak (worn)
   (You found it on level 2 of the Dungeon)
 n - a +0 pair of gloves (worn)
   (You found it on level 2 of the Dungeon)
Jewellery
 b - a ring of see invisible (left hand) {sInv, !d}
   (You found it on level 1 of the Dungeon)
 d - an amulet of faith {Faith, !P}
   (You found it on level 6 of the Dungeon)
Scrolls
 f - 2 scrolls of fear {unknown}
 j - 4 scrolls of enchant weapon {unknown}
 k - 2 scrolls of fog {unknown}
 p - a scroll of blinking {unknown}
 q - a scroll of amnesia {unknown}
Potions
 l - a potion of degeneration {!q}
 o - a potion of flight


   Skills:
 + Level 4.9 Fighting
 * Level 6.2 Axes
 + Level 5.4 Armour
 + Level 5.4 Shields


You had 6 spell levels left.
You didn't know any spells.
Your spell library contained the following spells:

 Spells                   Type           Power      Damage    Failure   Level
 Summon Small Mammal      Summ           0%         N/A       100%        1
 Call Canine Familiar     Summ           0%         N/A       100%        3
 Summon Guardian Golem    Hex/Summ       0%         N/A       100%        3


Dungeon Overview and Level Annotations

Branches:
Dungeon (6/15) Zot: 1256
 Temple: D:4-7

Altars:
Dithmenos
Hepliaklqana


Innate Abilities, Weirdness & Mutations

You passively map a small area around you.
You are easily found by Zot.
You glow in the dark.
You regain HP and MP as you explore.


Message History

You hit the phantom.
You destroy the phantom!
You start waiting.
HP restored.
Health restored: 60
Items here: ))) [[[ †††.
Found a stone staircase leading up.
You now have 86 gold pieces (gained 10).
An adder comes into view.
The adder hisses angrily.
The adder barely misses you.
You closely miss the adder.
The adder bites you but does no damage. x2
You hit the adder.
The adder is heavily wounded.
The adder barely misses you.
You barely miss the adder.
The adder is heavily wounded.
The adder bites you. x2
You take 4 damage, and have 56/60 hp.
You barely miss the adder.
The adder is heavily wounded.
The adder bites you but does no damage.
You slash the adder!
You kill the adder!
Health restored: 60 Unknown command.
Unknown command.
Unknown command.
Sorry, I don't know how to get there.
The hornet buzzes angrily.
There is an open door here.
There's a creature in the doorway!
It was a potion of cancellation.
You feel magically purged.
The hornet stings you but does no damage.
Okay, then.
Unknown command.
You slash the hornet!
The hornet is moderately wounded.
The hornet stings you!
You feel yourself slow down.
The hornet stings you but does no damage.
You take 8 damage, and have 52/60 hp.
Unknown command.
Unknown command.
You hit the hornet.
The hornet is moderately wounded.
The hornet stings you.
You are poisoned.
You feel as though you will be slow longer.
You block the hornet's attack. The hornet stings you.
You feel as though you will be slow longer.
You take 9 damage, and have 43/60 hp.
You hit the hornet but do no damage.
The hornet is moderately wounded.
You feel very sick. The hornet stings you.
You feel as though you will be slow longer.
You block the hornet's attack. The hornet stings you.
You feel as though you will be slow longer.
You take 12 damage, and have 31/60 hp.
Okay, then.
As you read the scroll of teleportation, it crumbles to dust.
You feel strangely unstable.
You feel sick. The hornet stings you!
You feel as though you will be slow longer.
The hornet completely misses you.
You take 8 damage, and have 23/60 hp.
Unknown command.
Unknown command.
Unknown command.
You barely miss the hornet.
The hornet is moderately wounded.
Your surroundings suddenly seem different.
A troll and an ogre come into view.
Found a chain mail and a forked bronze wand.
Found a stone staircase leading down.
You feel sick.
The troll shouts!
You regained 16 hp, and now have 39/60 hp.
Warning x2: The troll can hit for high damage in melee, and regenerates quickly!
The ogre can hit for high damage in melee!
Unknown command.
Warning x2: The troll can hit for high damage in melee, and regenerates quickly!
The ogre can hit for high damage in melee!
Unknown command.
Warning x2: The troll can hit for high damage in melee, and regenerates quickly!
The ogre can hit for high damage in melee!
You feel sick. The troll bites you but does no damage.
The troll claws you but does no damage. The troll claws you.
Warning x2: The troll can hit for high damage in melee, and regenerates quickly!
The ogre can hit for high damage in melee!
The ogre attacks as you move away!
The ogre hits you with a +0 giant spiked club!!
Ouch! That really hurt!
* * * LOW HITPOINT WARNING * * *
You feel sick.
You are no longer poisoned.
The troll bites you!
* * * LOW HITPOINT WARNING * * *
The troll barely misses you. The troll claws you but does no damage.
You take 38 damage, and have 1/60 hp.
MASSIVE DAMAGE!!
Warning x2: The troll can hit for high damage in melee, and regenerates quickly!
The ogre can hit for high damage in melee!
Okay, then.
Warning x2: The troll can hit for high damage in melee, and regenerates quickly!
The ogre can hit for high damage in melee!
The troll bites you.
You die...

############
####..........
#.[.........#*
#...........#
######
#...........#,
......
+..........>#
######
#......####.#
##...OT####, *
#....@...#
#####/...#
#....# *
#...## #..## ,
############
#..#
...........#
#..# *
...........#
#..# , ,
...........#


You could see a troll and an ogre.

Vanquished Creatures
  An ice beast (D:6)
  2 phantoms (D:6)
  A scorpion (D:4)
  2 howler monkeys (D:6)
  A jelly (D:6)
  An iguana (D:6)
  An orc wizard (D:6)
  6 adders
  2 worms
  2 dart slugs
  5 orcs
  5 ball pythons
  2 endoplasms
  A giant cockroach (D:3)
  3 goblins
  A quokka (D:1)
  2 bats
  4 frilled lizards
  3 kobolds
  5 rats
50 creatures vanquished.

Notes
Turn   | Place    | Note
-------+----------+-------------------------------------------
     0 | D:1      | Mgcat the Meteoran Fighter began the quest for the Orb.
     0 | D:1      | Reached XP level 1. HP: 19/19 MP: 2/2
    79 | D:1      | Reached XP level 2. HP: 26/26 MP: 3/3
   247 | D:2      | Reached skill level 3 in Axes
   280 | D:2      | Reached XP level 3. HP: 31/31 MP: 4/4
   297 | D:3      | Reached skill level 4 in Shields
   368 | D:3      | Reached skill level 4 in Armour
   414 | D:3      | Reached XP level 4. HP: 32/40 MP: 5/5
   434 | D:3      | Found a shadowy altar of Dithmenos.
   434 | D:3      | Noticed a shadow
   437 | D:3      | Found a hazy altar of Hepliaklqana.
   653 | D:2      | Reached XP level 5. HP: 46/46 MP: 6/6
   665 | D:2      | Reached skill level 4 in Axes
   774 | D:4      | Reached skill level 4 in Fighting
   818 | D:4      | You fall into a shaft and drop 2 floors!
   832 | D:6      | Reached XP level 6. HP: 32/52 MP: 7/7
   933 | D:6      | Reached skill level 5 in Axes
   986 | D:6      | Noticed a hornet
  1145 | D:6      | Reached skill level 5 in Armour
  1145 | D:6      | Reached skill level 5 in Shields
  1145 | D:6      | Reached XP level 7. HP: 58/60 MP: 8/8
  1416 | D:6      | Reached skill level 6 in Axes
  1671 | D:6      | Noticed a troll
  1673 | D:6      | HP: 8/60 [ogre/+0 giant spiked club (31)]
  1673 | D:6      | HP: 1/60 [troll (8)]
  1674 | D:6      | Slain by a troll

Illustrated notes

Levels and vault maps discovered:
D:1:      dpeg_arrival_rooms_a, layout_rooms, minmay_vboxes
D:2:      layout_loops_ring, chequers_ecumenical_altar_simple, st_stairs_7,
          grunt_ministairs_14
D:3:      layout_basic, riverfiend_overflow_shadow_ancestor,
          kennysheep_orc_sif_temple, nicolae_overflow_hidden_temple,
          uniq_crazy_yiuf_cottage
D:4:      layout_basic, mainiacjoe_overflow_small_starburst,
          gammafunk_ghost_smash, corexii_item_surrounded_by_moat
D:6:      layout_basic, minmay_temple_entry_enclosed_plants,
          gup_sewer_entry_bubbles, columned_hall_lemuel, chequers_arboretum

Skill      XL: |  1  2  3  4  5  6  7 |
---------------+----------------------+-----
Axes           | 3 4 5 6 |  6.2
Shields        | 4 5 |  5.4
Armour         | 4 5 |  5.4
Fighting       | 4 |  4.9

Action                   |  1- 3 |  4- 6 |  7- 9 || total
-------------------------+-------+-------+-------++-------
Melee: War axe           |    56 |    78 |    64 ||   198
  Use: Scroll            |       |     3 |     1 ||     4
       Potion            |       |     2 |     1 ||     3
Armor: Scale mail        |     2 |       |       ||     2
       Plate armour      |    32 |    62 |    41 ||   135
Dodge: Dodged            |     8 |    16 |    13 ||    37
Block: Buckler           |    14 |    23 |    14 ||    51

Table legend: (Time is in decaauts)
 A = Elapsed time spent in this place.
 B = Non-inter-level travel time spent in this place.
 C = Inter-level travel time spent in this place.
 D = Time resting spent in this place.
 E = Time spent auto-exploring this place.
 F = Levels seen in this place.
 G = Mean time per level.
                   A        B        C        D        E       F      G
               +--------+--------+--------+--------+--------+-----+--------+
         Total |   1741 |   1671 |     70 |    396 |    542 |   5 |  348.2 |
       Dungeon |   1741 |   1671 |     70 |    396 |    542 |   5 |  348.2 |
               +--------+--------+--------+--------+--------+-----+--------+

Top non-repeatable levels by time:
     D:6: 887 daAuts
     D:3: 407 daAuts
     D:2: 200 daAuts
     D:1: 152 daAuts
     D:4: 94 daAuts

Table legend:
 A = Kills in this place as a percentage of kills in entire the game.
 B = Kills by you in this place as a percentage of kills by you in the entire game.
 C = Kills by friends in this place as a percentage of kills by friends in the entire game.
 D = Other kills in this place as a percentage of other kills in the entire game.
 E = Experience gained in this place as a percentage of experience gained in the entire game.
 F = Experience gained in this place divided by the number of levels of this place that you have seen.
                   A       B       C       D       E      F
               +-------+-------+-------+-------+-------+----------------------
         Total | 100.0 | 100.0 |   N/A |   N/A | 100.0 | 162.2
       Dungeon | 100.0 | 100.0 |   N/A |   N/A | 100.0 | 162.2
               +-------+-------+-------+-------+-------+----------------------
